 Dungeon Crawl Stone Soup version 0.28.0-53-g5a82cb258f (webtiles) character file.

Game seed: 9821280810516611503

53 protoss039 the Digger (level 3, -1/27 HPs)
             Began as a Demonspawn Earth Elementalist on June 7, 2022.
             Slain by an orc
             ... wielding a +0 mace
              (3 damage)
             ... on level 3 of the Dungeon.
             The game lasted 00:02:38 (2812 turns).

protoss039 the Digger (DsEE)                        Turns: 2812, Time: 00:02:39

Health: -1/27      AC:  3    Str:  8    XL:     3   Next: 64%
Magic:  3/6        EV: 12    Int: 24    God:
Gold:   94         SH:  0    Dex: 13    Spells: 0/6 levels left

rFire   . . .      SeeInvis .   j - +0 spear
rCold   . . .      Faith    .   (no shield)
rNeg    . . .      Spirit   .   b - +0 robe
rPois   .          Reflect  .   a - +0 helmet
rElec   .          Harm     .   (no cloak)
rCorr   .          Rampage  .   (no gloves)
Will    .....                   (no boots)
Stlth   ++........              (no amulet)
HPRegen 0.09/turn               h - +6 ring of intelligence
MPRegen 0.10/turn               (no ring)

@: no status effects
A: hooves 1, powered by death 1
a: no special abilities


You were on level 3 of the Dungeon.
You visited 1 branch of the dungeon, and saw 3 of its levels.

You collected 94 gold pieces.

Inventory:

Hand Weapons
 j - a +0 spear (weapon)
Missiles
 c - 37 stones
Armour
 a - a +0 helmet (worn)
 b - a +0 robe (worn)
 l - a +0 cloak
Jewellery
 h - a +6 ring of intelligence (left hand)
Scrolls
 d - 2 scrolls of brand weapon {unknown}
 e - 2 scrolls of identify {unknown}
 f - a scroll of magic mapping {unknown}
 g - 2 scrolls of noise {unknown}
 i - a scroll of immolation {unknown}
Potions
 k - a potion of degeneration {unknown}


   Skills:
 * Level 1.9 Fighting
 + Level 1.1 Armour
 - Level 1.7 Dodging
 - Level 1.7 Stealth
 + Level 2.4 Spellcasting
 + Level 0.1 Conjurations
 - Level 1.0 Transmutations
 + Level 3.0 Earth Magic


You couldn't memorise any spells.
You knew the following spells:

 Your Spells              Type           Power      Damage    Failure   Level
a - Sandblast             Erth           34%        2d9       3%          1
b - Passwall              Tmut/Erth      10%        N/A       8%          2
c - Stone Arrow           Conj/Erth      20%        3d8       19%         3

Your spell library contained the following spells:

 Spells                   Type           Power      Damage    Failure   Level
 Corpse Rot               Necr/Air       4%         N/A       17%         2
 Poisonous Vapours        Pois/Air       4%         N/A       17%         2
 Ozocubu's Armour         Ice            2%         N/A       34%         3
 Petrify                  Tmut/Erth      12%        N/A       45%         4
 Metabolic Englaciation   Hex/Ice        1%         N/A       97%         5
 Simulacrum               Ice/Necr       1%         N/A       100%        6


Dungeon Overview and Level Annotations

Branches:
Dungeon (3/15)

Altars:


Innate Abilities, Weirdness & Mutations

You have large cloven feet.
You regenerate a little health from kills.


Message History

Confirm with . or Enter, or press ? or * to list all spells.
Aiming: Sandblast (safe; 3% risk of failure)
Press: ? - help, Shift-Dir - straight line, f/p - orc
Aim: an orc, wielding a +0 mace and wearing a +3 ring mail (82% to hit)
The blast of sand hits the orc but does no damage.
The orc barely misses you.
Unknown command.
Reach: j) +0 spear
Press: ? - help, Dir - move target, f/p - orc
Aim: an orc, wielding a +0 mace and wearing a +3 ring mail (about 37% to evade your +0 spear)
You completely miss the orc. You kick the orc, but do no damage.
The orc hits you with a +0 mace.
Unknown command.
Reach: j) +0 spear
Press: ? - help, Dir - move target, f/p - orc
Aim: an orc, wielding a +0 mace and wearing a +3 ring mail (about 37% to evade your +0 spear)
You hit the orc but do no damage. Your kick misses the orc.
The orc hits you with a +0 mace.
Unknown command.
Reach: j) +0 spear
Press: ? - help, Dir - move target, f/p - orc
Aim: an orc, wielding a +0 mace and wearing a +3 ring mail (about 37% to evade your +0 spear)
You closely miss the orc. Your kick misses the orc.
The orc hits you with a +0 mace!
* * * LOW HITPOINT WARNING * * *
An orc wizard appears from thin air!
Reactivating autopickup.
Found 7 gold pieces.
Found an escape hatch in the ceiling.
You see here 7 gold pieces.
You now have 94 gold pieces (gained 7).
The orc hits you with a +0 mace.
* * * LOW HITPOINT WARNING * * *
The orc wizard mumbles some strange words.
The orc wizard flickers and vanishes!
Deactivating autopickup; reactivate with Ctrl-A.
Found a stone staircase leading down.
There is an escape hatch in the ceiling here.
The orc hits you with a +0 mace.
You die...

#. #...oo..# #..##
#.#####.###...# #.#
#.##....### #o#
#....o....# #o#
#######o#.# #.# #.#.#
#####.### #.#.#
#.....o.# ######o#.#
#.....@.# ##..o)..#.#
#.......###)oo#####.#
...>.......o.#........
#.#........##...#####.
. #........###.##
..........# #.#
...##.###.# #.# ... #.
.. ..# ..


You could see 3 orcs.

Vanquished Creatures
  An adder (D:2)
  A dart slug (D:2)
  4 orcs (D:3)
  2 endoplasms
  3 giant cockroaches
  A goblin (D:1)
  4 hobgoblins
  7 ball pythons
  5 bats
  12 frilled lizards
  A kobold (D:2)
  A rat (D:1)
42 creatures vanquished.

Notes
Turn   | Place    | Note
-------+----------+-------------------------------------------
     0 | D:1      | protoss039 the Demonspawn Earth Elementalist began the
                  | quest for the Orb.
     0 | D:1      | Reached XP level 1. HP: 13/13 MP: 3/3
    33 | D:1      | Reached skill level 1 in Transmutations
   454 | D:1      | Gained mutation: You regenerate a little health from kills.
                  | [demonic ancestry]
   454 | D:1      | Reached XP level 2. HP: 20/20 MP: 0/5
   600 | D:1      | Reached skill level 1 in Fighting
  1511 | D:1      | Learned a level 2 spell: Passwall
  1548 | D:2      | Found a faded altar of an unknown god.
  1963 | D:2      | Gained mutation: You have large cloven feet. [demonic
                  | ancestry]
  1963 | D:2      | Reached XP level 3. HP: 26/26 MP: 6/6
  1966 | D:2      | Reached skill level 3 in Earth Magic
  2106 | D:2      | Reached skill level 1 in Armour
  2395 | D:2      | Learned a level 3 spell: Stone Arrow
  2812 | D:3      | Slain by an orc

Illustrated notes

Levels and vault maps discovered:
D:1:      minmay_arrival_diagonal_passages, layout_basic, minmay_lizard_pond
D:2:      layout_basic, chequers_ecumenical_altar_island
D:3:      layout_loops_ring, grunt_temple_overflow_open,
          grunt_temple_overflow_diamond, serial_shops, shop, bh_walls_and_bars

Skill      XL: |  1  2  3 |
---------------+----------+-----
Transmutations | 1 |  1.0
Fighting       | 1 |  1.9
Earth Magic    | 3 |  3.0
Armour         | 1 |  1.1
Dodging        | |  1.7
Stealth        | |  1.7
Spellcasting   | |  2.4
Conjurations   | |  0.1

Action                   || total
-------------------------++-------
Melee: Unarmed           ||    28
       Spear             ||    52
       Kick              ||     2
       Punch             ||     1
 Cast: Sandblast         ||    38
       Stone Arrow       ||     2
 Stab: Sleeping          ||     4
Armor: Robe              ||    25
Dodge: Dodged            ||    67
